 BcadrenCrawl: Boulder Brew version 0.03.3.1-31-gd4c2611de9 (webtiles) character file.

Game seed: 8273659741518261031, levelgen mode: deterministic

1423 Chiseanne the Nimble (level 9, -13/64 HPs) Goblin Demonspawn. Began on Mar 18, 2021. Was an Initiate of Gozag Ym Sagoz. Mangled by an orc warrior ... wielding a +0 halberd (16 damage) ... in the Ecumenical Temple. The game lasted 00:12:17 (2861 turns).

Chiseanne the Nimble (Goblin Demonspawn)            Turns: 2861, Time: 00:12:18

Health: -13/64     AC:  8    Str:  8    XL:     9 ^: 1875
Magic:  9/9        EV: 14    Int:  6    God:    Gozag Ym Sagoz
Gold:   204        SH:  0    Dex:  6    Spells: 9/10 levels left

rFire    . . .     Vision   .   a - +2 rapier
rCold    . . .     Gourm    .   c - +0 short sword
rNeg     . . .     Faith    .   e - +0 ring mail
rPois    .         Spirit   .   (no helmet)
rElec    .         Reflect  .   g - scarf {cloud immunity}
rCorr    .         Harm     .   (no gloves)
MR       .....                  (no boots)
Stlth    +.........             h - amulet of rage
HPRegen  0.31/turn              (no ring)
MPRegen  0.19/turn              (no ring)

@: gold aura
A: small, stagnant stats, goblin's greed, molten scales 1, demonic guardian 1,
foul stench 1, low mp 1, mutation resistance 1, rot immunity, god's pity 2
a: Potion Petition, Call Merchant, Bribe Branch, Renounce Religion, Evoke
Berserk Rage


You were in the Ecumenical Temple.
You worshipped Gozag Ym Sagoz.
Gozag Ym Sagoz was aware of your devotion.
You were not hungry.

You visited 2 branches of the dungeon, and saw 5 of its levels.

You collected 247 gold pieces.
You paid 92 gold pieces to Gozag.

Inventory:

Weapons
 a - a +2 rapier (weapon)
 c - a +0 short sword (weapon)
 m - a +2 vampiric long sword
 w - a +0 hunting sling
Armour
 e - a +0 ring mail (worn)
 g - a scarf of cloud immunity (worn)
Jewellery
 h - an amulet of rage (around neck)
Potions
 b - 3 potions of magic
 f - a potion of lignification
 i - a potion of cancellation
 l - 2 potions of resistance
Comestibles
 d - 19 rations


   Skills:
 * Level 7.3 Fighting
 - Level 2.6 Short Blades
 * Level 6.8 Armour
 * Level 8.4 Dodging
 - Level 2.6 Stealth
 - Level 1.3 Spellcasting
 - Level 2.6 Fire Magic
   Level 4.0 Invocations


You had 9 spell levels left.
You knew the following spells:

 Your Spells              Type           Power        Failure   Level  Hunger
a - Flame Tongue          Fire           3 (30)       24%         1    ##.....

Your spell library contained the following spells:

 Spells                   Type           Power        Failure   Level  Hunger
 Conjure Flame            Fire           3 (100)      56%         3    ####...
 Blink                    Tloc           N/A          71%         2    ###....
 Call Imp                 Summ           0 (100)      71%         2    ###....
 Slow                     Hex            0 (100)      71%         2    ###....
 Mephitic Cloud           Pois/Air       0 (100)      91%         3    ####...


Dungeon Overview and Level Annotations

Branches:
Dungeon (4/8)              Temple (1/1) D:4

Altars:
Ashenzari
Gozag Ym Sagoz
Nemelex Xobeh
Okawaru
Qazlal
Ru
Sif Muna
Uskayaw
Vehumet
Wu Jian
Xom
Zin
The Shining One

Annotations:
D:3 Edmund, Eustachio
D:4 Grum


Innate Abilities, Weirdness & Mutations

Your stats never grow through leveling.
Your goblin ancestry allows you to find more gold. (+20%)
You are small and have problems with some larger weapons.
You are partially covered in molten scales. (AC +2)
A weak demonic guardian rushes to your aid.
You may emit foul miasma when damaged in melee.
Your magical capacity is low. (-10% MP)
You are somewhat resistant to further mutation.
You are immune to rotting.
The pity of the gods increases the power of your passive and invoked divine abilities.


Message History

Your iron imp barely misses the orc warrior (0).
The orc warrior is engulfed in dark miasma (1).
The orc warrior is poisoned.
The orc warrior seems to slow down.
The orc warrior hits you with a +0 halberd (16)!
* * * LOW HITPOINT WARNING * * *
Your iron imp barely misses the orc warrior (0).
Your iron imp hits the orc warrior but does no damage.
You aren't carrying any items that you can evoke.
Unknown command.
Okay, then.
You aren't carrying any scrolls.
Unknown command.
Your iron imp closely misses the orc warrior (0).
The orc warrior is engulfed in dark miasma (0).
The orc warrior looks even sicker.
Your iron imp barely misses the orc warrior (0).
You hit the orc warrior but do no damage. x2
The orc warrior hits you with a +0 halberd (16)!
You die...
Your body crumbles into a pile of gold.

###'### ###.....##
+#.........
##..........
#.....###...
#######....#####..
##...##....#+...+#.
#.....#...##.....##
#.@o5.[...##.._..##
#...°.#...##.....##
##...##....#'...+#.
#######....#####..
#.....###...
#####..........
##...'#.........
#.....###.....##
#.._..# ###'###


You could see an orc warrior and a friendly iron imp.

Vanquished Creatures
  3 war dogs (Temple)
  A porcupine (D:3)
  An ogre (D:3)
  Blork the orc (D:3)
  A big kobold (D:3)
  A crimson imp (D:3)
  An orc priest (D:3)
  A hound (D:3)
  A jelly (D:2)
  2 orc wizards (D:3)
  An iguana (D:3)
  2 worker ants (D:3)
  4 giant cockroaches
  A shadow imp (D:4)
  4 adders
  8 sewer rats
  2 white imps (D:3)
  9 cinder newts
  2 worms (D:2)
  A howler monkey skeleton (D:3)
  2 oozes (D:1)
  A hound skeleton (D:3)
  3 dart slugs (D:1)
  3 leopard geckos
  7 orcs
  2 adder skeletons (D:3)
  2 ball pythons
  8 bats
  3 goblins (D:1)
  A hobgoblin (D:1)
  A jackal (D:3)
  5 kobolds (D:1)
  A quokka (D:3)
  A bat skeleton (D:2)
  6 rats (D:1)
93 creatures vanquished.

Vanquished Creatures (collateral kills)
  A sky beast (Temple)
  An ogre (D:3)
  A giant cockroach (D:4)
  2 sewer rats (D:2)
  A ball python (D:3)
6 creatures vanquished.

Vanquished Creatures (others)
  A ball python (D:2)
  A bat skeleton (D:2)
  A leopard gecko skeleton (D:2)
  A bush (D:4)
  3 slimeheads (D:2)
  94 withered plants (D:2)
101 creatures vanquished.

Grand Total: 200 creatures vanquished

Notes
Turn   | Place    | Note
-------+----------+-------------------------------------------
     0 | D:1      | Chiseanne the Goblin Demonspawn began the quest for the
                  | Orb.
     0 | D:1      | Reached XP level 1. HP: 13/13 MP: 2/2
    25 | D:1      | Gained mutation: A weak demonic guardian rushes to your
                  | aid. [demonic ancestry]
    25 | D:1      | Reached XP level 2. HP: 17/19 MP: 3/3
   186 | D:1      | Identified a scroll of acquirement
   190 | D:1      | Reached XP level 3. HP: 23/25 MP: 4/4
   208 | D:1      | Identified the Almanac of Creative Hexes (You acquired it
                  | on level 1 of the Dungeon)
   236 | D:1      | Reached skill level 1 in Armour
   257 | D:1      | Reached XP level 4. HP: 28/30 MP: 5/5
   389 | D:1      | Reached skill level 5 in Dodging
   488 | D:1      | Gained mutation: You are immune to rotting. [demonic
                  | ancestry]
   488 | D:1      | Reached XP level 5. HP: 35/36 MP: 6/6
   956 | D:1      | Reached XP level 6. HP: 35/43 MP: 7/7
  1193 | D:2      | Reached skill level 6 in Dodging
  1378 | D:3      | Gained mutation: You may emit foul miasma when damaged in
                  | melee. [demonic ancestry]
  1378 | D:3      | Reached XP level 7. HP: 24/49 MP: 8/8
  1600 | D:3      | Reached skill level 5 in Fighting
  1632 | D:3      | Noticed Blork the orc
  1662 | D:3      | Killed Blork the orc
  1762 | D:3      | Found an ornate altar of the Wu Jian Council.
  1878 | D:3      | Noticed Eustachio
  1903 | D:3      | Reached skill level 5 in Armour
  1903 | D:3      | Reached skill level 7 in Dodging
  1936 | D:3      | Gained mutation: You are partially covered in molten
                  | scales. (AC +2) [demonic ancestry]
  1936 | D:3      | Reached XP level 8. HP: 29/57 MP: 8/8
  2155 | D:3      | Noticed Edmund
  2248 | D:4      | Noticed Grum
  2292 | D:4      | Found a staircase to the Ecumenical Temple.
  2302 | Temple   | Entered the Ecumenical Temple
  2485 | Temple   | Became a worshipper of Gozag Ym Sagoz the Greedy
  2532 | Temple   | Reached skill level 8 in Dodging
  2694 | Temple   | Reached XP level 9. HP: 20/64 MP: 9/9
  2856 | Temple   | HP: 1/64 [orc warrior/+0 halberd (16)]
  2861 | Temple   | Mangled by an orc warrior

Levels and vault maps discovered:
D:1:      scummos_arrival_hexagon, layout_basic, corexii_corridor_pit
D:2:      layout_sewer, first_ration, chequers_jeans, due_unseen_surprise,
          uniq_robin
D:3:      layout_twisted_cavern, nicolae_overflow_crystal_walls,
          lemuel_round_altar, bcadren_nooodl_food_pyramid, uniq_edmund,
          uniq_duvessa, uniq_eustachio, uniq_blork_the_orc
D:4:      layout_gridville, marbit_many_paths, minmay_temple_entry_trees,
          uniq_grum
Temple:   nicolae_temple_figure_eight

Skill      XL: |  1  2  3  4  5  6  7  8 |
---------------+-------------------------+-----
Fighting       | 2 3 4 6 7 |  7.3
Armour         | 1 2 3 5 6 |  6.8
Dodging        | 5 6 7 8 |  8.4
Short Blades   | |  2.6
Stealth        | |  2.6
Spellcasting   | |  1.3
Fire Magic     | |  2.6
Invocations    | |  4.0

Action                   |  1- 3 |  4- 6 |  7- 9 || total
-------------------------+-------+-------+-------++-------
Melee: Rapier            |    30 |   166 |   114 ||   310
       Dagger            |    12 |       |       ||    12
       Short sword       |    10 |   135 |    97 ||   242
 Fire: Hunting sling     |       |       |     4 ||     4
  Use: Scroll            |     1 |       |     3 ||     4
       Potion            |       |       |     3 ||     3
  Eat: Chunk             |       |     2 |     3 ||     5
       Ration            |       |       |     1 ||     1
Armor: Ring mail         |     6 |    51 |    53 ||   110
       Leather armour    |     1 |       |       ||     1
Dodge: Dodged            |    32 |   192 |   147 ||   371
